 Dungeon Crawl Stone Soup version 0.18.1-48-g4cf74bf (webtiles) character file.

278 LydiaK the Slasher (level 6, 0/48 HPs)
             Began as a Vampire Chaos Knight on Aug 6, 2016.
             Slain by an orange demon (11 damage)
             ... summoned by Xom
             ... on level 4 of the Dungeon.
             The game lasted 00:23:32 (3373 turns).

LydiaK the Slasher (Vampire Chaos Knight)           Turns: 3373, Time: 00:23:34

Health: 0/48       AC:  7    Str: 13      XL:     6   Next: 5%
Magic:  6/6        EV: 12    Int: 11 (12) God:    Xom [......]
Gold:   146        SH:  0    Dex: 14      Spells: 0 memorised, 5 levels left

rFire  . . .     SeeInvis +     a - +0 falchion (chaos)
rCold  . . .     Gourm    .     b - +2 leather armour
rNeg   + . .     Faith    .     (no shield)
rPois  .         Spirit   .     d - +0 helmet
rElec  .         Dismiss  .     (no cloak)
rCorr  .         Reflect  .     (no gloves)
SustAt .         Harm     .     v - +0 pair of boots
MR     .....     Clarity  +     (no amulet)
Stlth  +.........               (no ring)
                                (no ring)

@: drained, not resistant to hostile enchantments, very unstealthy
A: fangs 3, see invisible, clarity, deterioration 1, dopey 1, unbreathing,
subdued magic 1
a: Bat Form, Renounce Religion


You were on level 4 of the Dungeon.
You worshipped Xom.
You were a very special plaything of Xom.
You were not thirsty.

You visited 1 branch of the dungeon, and saw 4 of its levels.

You collected 146 gold pieces.

Inventory:

Hand Weapons
 a - a +0 falchion of chaos (weapon)
 c - a +0 whip
 g - a +0 club
 p - a +1 trident of flaming
 s - a +0 hunting sling
 y - a +2 morningstar of holy wrath
 z - a +0 trident
 B - a cursed -3 mace
Missiles
 j - 123 stones (quivered)
 m - 6 javelins
 r - 22 sling bullets
Armour
 b - a +2 leather armour (worn)
 d - a +0 helmet (worn)
 v - a +0 pair of boots (worn)
 w - a cursed +0 leather armour
Jewellery
 n - an uncursed amulet of harm
Scrolls
 e - a scroll of immolation {unknown}
 h - 3 scrolls of teleportation {unknown}
 o - a scroll of blinking {unknown}
 q - a scroll of enchant armour {unknown}
 t - 2 scrolls of fog {unknown}
 u - a scroll of magic mapping {unknown}
 A - a scroll of remove curse {unknown}
 C - a scroll of enchant weapon {unknown}
 D - a scroll of identify
Potions
 f - a potion of mutation
 i - a potion of resistance {unknown}
 k - a potion of lignification
 x - a potion of magic {unknown}


   Skills:
 + Level 3.9(2.8) Fighting
 + Level 4.5(3.3) Long Blades
 + Level 2.2(1.1) Armour
 + Level 3.6(2.5) Dodging
 + Level 0.9(0.0) Stealth


You had 5 spell levels left.
You didn't know any spells.

Dungeon Overview and Level Annotations

Branches:
Dungeon (4/15)
 Temple: D:4-7

Altars:
Makhleb

Annotations:
D:4 sambo's ghost, amateur MiFi


Innate Abilities, Weirdness & Mutations

You have razor-sharp teeth.
You have supernaturally acute eyesight.
You can survive without breathing.
You possess an exceptional clarity of mind.
Your body sometimes deteriorates upon taking damage.
You are dopey. (Int -2)
Your spells are a little easier to cast, but a little less powerful.


Message History

The shadow imp summons a swarm of flies.
The shadow imp hits you.
* * * LOW HITPOINT WARNING * * *
The ufetubus barely misses you. x2
Read which item? (? for menu, Esc to quit)
Okay, then.
Drink which item? (? for menu, Esc to quit)
It was a potion of lignification.
You feel woody for a moment.
Xom thinks this is hilarious!
The ufetubus hits you but does no damage.
The ufetubus closely misses you. The shadow imp barely misses you.
The orange demon stings you but does no damage.
Read which item? (? for menu, Esc to quit)
As you read the scroll labeled FEFEER IMEFRILEARR, it crumbles to dust.
Your nose twitches suddenly!
It was a scroll of random uselessness.
The ufetubus hits you but does no damage. x2
The shadow imp hits you but does no damage.
The orange demon stings you from afar!
You die...
Xom roars with laughter!

# .# ..... ....
##'### ###
###....# #..
#@5W...# #.#####
#5#4...# #......
#.#....#####..# #.
#.............###.
#...W.........#...
#.......##....'...
#.......##....#.##
#.......###...#.#
#.......# #####.##


You could see an orange demon, sambo's ghost, a shadow imp and an ufetubus.

Vanquished Creatures
  A hound (D:2)
  An orc priest (D:3)
  3 orc wizards (D:3)
  A hound skeleton (D:3)
  4 adders
  2 oozes
  2 worms
  A dart slug (D:2)
  A giant gecko (D:3)
  8 orcs (D:3)
  3 giant cockroaches
  8 goblins
  4 hobgoblins (D:1)
  3 jackals (D:2)
  A quokka (D:3)
  3 ball pythons
  3 bats
  A giant gecko skeleton (D:4)
  4 giant newts
  A jackal skeleton (D:3)
  6 kobolds
  8 rats
69 creatures vanquished.

Notes
Turn   | Place    | Note
--------------------------------------------------------------
     0 | D:1      | LydiaK the Vampire Chaos Knight began the quest for the Orb.
     0 | D:1      | Reached XP level 1. HP: 17/17 MP: 1/1
   261 | D:1      | Reached XP level 2. HP: 22/23 MP: 2/2
   320 | D:1      | XOM: harmless Necr miscast
   356 | D:1      | XOM: cast spell 'Call Canine Familiar'
   358 | D:1      | Reached skill level 1 in Armour
   395 | D:1      | XOM: colour smoke trail
   535 | D:1      | XOM: cast spell 'Statue Form'
   689 | D:1      | XOM: harmless Erth miscast
   693 | D:1      | Reached XP level 3. HP: 23/29 MP: 3/3
   818 | D:2      | XOM: noise
  1124 | D:2      | XOM is BORED!
  1124 | D:2      | XOM: medium Hex miscast
  1283 | D:2      | XOM: god gift: 9 gold pieces
  1405 | D:2      | XOM: mild Summ miscast
  1576 | D:2      | Found a burning altar of Makhleb.
  1584 | D:2      | Reached XP level 4. HP: 27/35 MP: 4/4
  2006 | D:3      | XOM: 3-stop teleportation journey
  2147 | D:3      | Reached skill level 4 in Long Blades
  2309 | D:3      | XOM: blink monster(s)
  2315 | D:3      | Reached XP level 5. HP: 34/41 MP: 5/5
  2339 | D:3      | XOM: 6-stop teleportation journey
  2445 | D:3      | XOM: blink monster(s)
  2539 | D:3      | XOM: colour smoke trail
  2673 | D:3      | XOM: give mutations
  2673 | D:3      | Gained mutation: Your body sometimes deteriorates upon taking damage. [Xom's mischief]
  2673 | D:3      | Gained mutation: You possess an exceptional clarity of mind. [Xom's mischief]
  2673 | D:3      | Gained mutation: Your spells are a little easier to cast, but a little less powerful. [Xom's mischief]
  2673 | D:3      | Gained mutation: You are dopey. (Int -2) [Xom's mischief]
  2920 | D:3      | XOM: enchant monster (bad)
  2940 | D:3      | Reached XP level 6. HP: 29/48 MP: 6/6
  2953 | D:3      | XOM: draining
  3355 | D:4      | Noticed sambo's ghost (amateur MiFi)
  3357 | D:4      | XOM: summons 2 hostile demons
  3358 | D:4      | Noticed an orange demon
  3358 | D:4      | XOM: mild Summ miscast
  3373 | D:4      | Slain by an orange demon

Skill      XL: |  1  2  3  4 |
---------------+-------------+-----
Fighting       | 3 |  3.9
Armour         | 1 2 |  2.2
Long Blades    | 4 |  4.5
Dodging        | 3 |  3.6
Stealth        | |  0.9

Action                   |  1- 3 |  4- 6 || total
-------------------------+-------+-------++-------
Melee: Falchion          |   116 |   152 ||   268
       Bite              |     8 |    12 ||    20
Throw: Stone             |       |     4 ||     4
  Use: Scroll            |     3 |     3 ||     6
       Potion            |       |     1 ||     1
 Stab: Sleeping          |       |     1 ||     1
       Petrifying        |       |     1 ||     1
  Eat: Corpse            |     7 |     6 ||    13
Armor: Leather armour    |    32 |    56 ||    88
Dodge: Dodged            |    86 |   139 ||   225
